 Dungeon Crawl Stone Soup version 0.19.0-18-g426998a (webtiles) character file.

55 Bluestream the Conjurer (level 3, -6/19 HPs)
             Began as a Deep Elf Conjurer on Nov 12, 2016.
             Mangled by Minion's ghost (7 damage)
             ... on level 3 of the Dungeon.
             The game lasted 00:03:10 (1800 turns).

Bluestream the Conjurer (Deep Elf Conjurer)         Turns: 1800, Time: 00:03:10

Health: -6/19      AC:  3    Str:  5    XL:     3   Next: 67%
Magic:  3/10       EV: 13    Int: 20    God:
Gold:   91         SH:  0    Dex: 15    Spells: 2 memorised, 7 levels left

rFire  . . .     SeeInvis .     (no weapon)
rCold  . . .     Gourm    .     d - +0 robe
rNeg   . . .     Faith    .     (no shield)
rPois  .         Spirit   .     (no helmet)
rElec  .         Reflect  .     (no cloak)
rCorr  .         Harm     .     p - +0 pair of gloves
MR     .....     Rnd*Tele +     (no boots)
Stlth  ++........               (no amulet)
                                (no ring)
                                j - ring of teleportation (curse)

@: no status effects
A: no striking features
a: no special abilities


You were on level 3 of the Dungeon.
You were not hungry.

You visited 1 branch of the dungeon, and saw 3 of its levels.

You collected 91 gold pieces.

Inventory:

Armour
 a - a +0 robe
 d - a +0 robe (worn)
 p - a +0 pair of gloves (worn)
Jewellery
 j - a cursed ring of teleportation (left hand)
Scrolls
 f - a scroll of identify {unknown}
 i - a scroll of blinking {unknown}
 l - a scroll of recharging {unknown}
 m - a scroll of remove curse {unknown}
 n - a scroll of amnesia {unknown}
 u - 2 scrolls of immolation {unknown}
Potions
 e - a potion of heal wounds {unknown}
 g - a potion of lignification {unknown}
 q - a potion of berserk rage {unknown}
 s - a potion of brilliance {unknown}
 t - a potion of mutation {unknown}
 v - a potion of invisibility {unknown}
Books
 b - a book of Conjurations

   Spells                             Type                      Level
   a - Magic Dart                     Conjuration                  1
   b - Searing Ray                    Conjuration                  2
   c - Dazzling Spray                 Conjuration/Hexes            3
   d - Fulminant Prism                Conjuration/Hexes            4
   e - Iskenderun's Mystic Blast      Conjuration                  4
   f - Iskenderun's Battlesphere      Conjuration/Charms           5
Comestibles
 c - 3 bread rations
 k - a beef jerky
 o - 2 slices of pizza
 r - a meat ration


   Skills:
 - Level 2.5 Dodging
 - Level 2.4 Stealth
 + Level 4.4 Spellcasting
 + Level 5.2 Conjurations


You had 7 spell levels left.
You knew the following spells:

 Your Spells              Type           Power        Failure   Level  Hunger
a - Magic Dart            Conj           ####         1%          1    None
b - Searing Ray           Conj           ####..       2%          2    #......


Dungeon Overview and Level Annotations

Branches:
Dungeon (3/15)

Altars:

Annotations:
D:3 Minion's ghost, amateur FoFi


Message History

Confirm with . or Enter, or press ? or * to list all spells.
Aiming: Searing Ray
Press: ? - help, Shift-Dir - straight line, f/p - Minion's ghost
Aim: Minion's ghost (lightly damaged)
The searing ray misses Minion's ghost.
The hobgoblin shouts!
An adder comes into view.
The searing ray hits Minion's ghost.
Minion's ghost is lightly damaged.
The adder hisses angrily.
Minion's ghost hits you!
Ouch! That really hurt!
The searing ray hits Minion's ghost.
Minion's ghost is moderately damaged.
Minion's ghost hits you!
* * * LOW HITPOINT WARNING * * *
You can't go down here!
Unknown command.
Minion's ghost hits you!
You die...

.. ####
... ....
...
#..##.#
#.....
#S..#.##.
#Wg......
#@#
#.....†..
#..##.[..
#..# ..
...# #.>.
#...
.....


You could see Minion's ghost, an adder and a hobgoblin.

Vanquished Creatures
  5 worms (D:2)
  A leopard gecko (D:1)
  4 bats
  2 giant cockroaches (D:2)
  5 goblins
  4 hobgoblins
  2 jackals (D:1)
  7 kobolds
  A quokka (D:3)
  4 frilled lizards
  5 rats
40 creatures vanquished.

Notes
Turn   | Place    | Note
-------+----------+-------------------------------------------
     0 | D:1      | Bluestream the Deep Elf Conjurer began the quest for the Orb.
     0 | D:1      | Reached XP level 1. HP: 10/10 MP: 6/6
   378 | D:1      | Reached XP level 2. HP: 15/15 MP: 4/8
   986 | D:2      | Reached skill level 5 in Conjurations
  1101 | D:2      | Reached XP level 3. HP: 17/19 MP: 0/10
  1181 | D:2      | Learned a level 2 spell: Searing Ray
  1794 | D:3      | Noticed Minion's ghost (amateur FoFi)
  1800 | D:3      | Mangled by Minion's ghost

Skill      XL: |  1  2  3 |
---------------+----------+-----
Conjurations   | 5 |  5.2
Spellcasting   | 4 |  4.4
Dodging        | |  2.5
Stealth        | |  2.4

Action                   || total
-------------------------++-------
Melee: Unarmed           ||    14
 Cast: Magic Dart        ||    80
       Searing Ray       ||     7
  Eat: Chunk             ||     3
Armor: Robe              ||    14
Dodge: Dodged            ||    31
